 Dungeon Crawl Stone Soup version 0.31-a0-198-g2ad674f65e (webtiles) character file.

Game seed: 18132478416660710844

45 qw the Shooter (level 3, -5/20 HPs)
             Began as a Deep Elf Hunter on June 25, 2023.
             Slain by Terence
             ... wielding a +0 flail
              (6 damage)
             ... on level 3 of the Dungeon.
             The game lasted 00:00:24 (1442 turns).

qw the Shooter (Deep Elf Hunter)                    Turns: 1442, Time: 00:00:24

Health: -5/20      AC:  6    Str: 10    XL:     3   Next: 42%
Magic:  5/5        EV:  9    Int: 13    God:
Gold:   141        SH:  0    Dex: 18    Spells: 2/2 levels left

rFire   . . .        Y - +0 shortbow
rCold   . . .        (shield currently unavailable)
rNeg    . . .        g - +0 scale mail
rPois   .            (no helmet)
rElec   .            (no cloak)
rCorr   .            (no gloves)
SInv    .            (no boots)
Will    .....        (no amulet)
Stlth   +            (no ring)
HPRegen 0.23/turn    (no ring)
MPRegen 0.09/turn

%: no passive effects
@: no status effects
A: no striking features
a: no special abilities


You were on level 3 of the Dungeon.
You visited 1 branch of the dungeon, and saw 3 of its levels.

You collected 141 gold pieces.


   Skills:
 - Level 1.5 Fighting
 + Level 7.0 Ranged Weapons
 - Level 2.4 Dodging
 - Level 1.2 Stealth


You had 2 spell levels left.
You didn't know any spells.
Your spell library was empty.

Inventory:

Hand Weapons
 Y - a +0 shortbow (weapon)
Armour
 g - a +0 scale mail (worn)
Jewellery
 e - a ring of ice
Scrolls
 a - a scroll of identify
Potions
 f - a potion of attraction {unknown}

Dungeon Overview and Level Annotations

Branches:
Dungeon (3/15)

Altars:
Uskayaw

Annotations:
D:3 Terence


Message History

Enter note:
Enter note:
Enter note:
Enter note: Done exploring.
1384 ||| READING scroll labelled JIAMOVVOOT.
As you read the scroll labelled JIAMOVVOOT, it crumbles to dust.
It is a scroll of amnesia.
You feel forgetful for a moment.
Done exploring.
1385 ||| READING 2 scrolls of identify.
As you read the scroll of identify, it crumbles to dust.
c - a potion of brilliance;
1385 ||| IDENTIFYING golden potion Done exploring.
1386 ||| DROPPING potion of brilliance.
You drop a potion of brilliance.
Done exploring.
(D) Dungeon
Where to? (* - list waypoints, Enter - D:2, ? - help)
What level of the Dungeon? (default 1, ? - help)
There is a stone staircase leading down here.
You climb downwards.
There is a stone staircase leading up here.
Waypoint 2 assigned to D:3.
Terence the Incautious comes into view.
He is wielding a +0 flail.
You shoot an arrow.
The arrow hits Terence but does no damage.
You shoot an arrow. The arrow hits Terence.
Terence is moderately wounded.
You shoot an arrow.
The arrow hits Terence but does no damage.
Terence is moderately wounded.
You shoot an arrow. The arrow barely misses Terence.
Terence hits you with a +0 flail! x2
You shoot an arrow.
The arrow hits Terence but does no damage.
Terence is moderately wounded.
Terence barely misses you.
You shoot an arrow. The arrow hits Terence!
Terence is severely wounded.
Terence hits you with a +0 flail. x2
You die...

#######.#
#.......#
#.#####.#
#.# #<#.#
#.# #.#.#
#.# #.#.#
#.###.#.#
#.....#.#
#######@#
#....@.#
#.######


You could see Terence.

Vanquished Creatures
  An adder (D:2)
  A worm (D:2)
  A dart slug (D:2)
  3 endoplasms
  A giant cockroach (D:2)
  4 goblins
  5 hobgoblins
  2 kobolds
  A quokka (D:2)
  4 ball pythons
  2 bats (D:2)
  A frilled lizard (D:1)
  4 rats
30 creatures vanquished.

Notes
Turn   | Place    | Note
-------+----------+-------------------------------------------
     0 | D:1      | qw the Deep Elf Hunter began the quest for the Orb.
     0 | D:1      | Reached XP level 1. HP: 12/12 MP: 3/3
     0 | D:1      | 0 ||| qw: Version: 0.3-a-22-g0ed2b0b
     0 | D:1      | 0 ||| qw: Game counter: 5254
     0 | D:1      | 0 ||| qw: Melee chars always use a shield: true
     0 | D:1      | 0 ||| qw: God list: Okawaru
     0 | D:1      | 0 ||| qw: Allow faded altars: false
     0 | D:1      | 0 ||| qw: Do Orc after clearing Dungeon:15 true
     0 | D:1      | 0 ||| qw: Do second Lair branch before Depths: true
     0 | D:1      | 0 ||| qw: Lair rune preference: random
     0 | D:1      | 0 ||| qw: Goals: Normal
     0 | D:1      | 0 ||| PLANNING D:1-11
   218 | D:1      | Reached XP level 2. HP: 13/16 MP: 4/4
   242 | D:1      | Reached skill level 6 in Ranged Weapons
   441 | D:1      | Found a faded altar of an unknown god.
   546 | D:1      | 546 ||| UPGRADING to +0 scale mail.
   556 | D:1      | 556 ||| DROPPING +0 leather armour.
   557 | D:1      | 557 ||| READING 2 scrolls labelled QUITIY NAUWYRGH.
   558 | D:1      | 558 ||| READING scroll labelled KOOFUBROCI.
   559 | D:1      | 559 ||| DROPPING scroll of butterflies.
   764 | D:2      | Reached XP level 3. HP: 14/20 MP: 5/5
   934 | D:2      | Reached skill level 7 in Ranged Weapons
   970 | D:2      | Found a hide-covered altar of Uskayaw.
  1384 | D:2      | 1384 ||| READING scroll labelled JIAMOVVOOT.
  1385 | D:2      | 1385 ||| READING 2 scrolls of identify.
  1385 | D:2      | 1385 ||| IDENTIFYING golden potion
  1386 | D:2      | 1386 ||| DROPPING potion of brilliance.
  1436 | D:3      | Noticed Terence
  1442 | D:3      | HP: 1/20 [Terence/+0 flail (6)]
  1442 | D:3      | Slain by Terence

Levels and vault maps discovered:
D:1:      wheals_arrival_shading, layout_loops_ring,
          ebering_ecumenical_altar_webs, st_stairs_7
D:2:      layout_loops_ring, basic_altar
D:3:      minmay_roachtagon, layout_basic, grunt_temple_overflow_open,
          lemuel_crystal_altar, minmay_misc_feat_cross,
          chequers_serial_rivers_micro_c, minmay_ogre_servants, uniq_jessica,
          uniq_terence

Skill      XL: |  1  2  3 |
---------------+----------+-----
Ranged Weapons | 6 7 |  7.0
Fighting       | |  1.5
Dodging        | |  2.4
Stealth        | |  1.2

Action                     || total
---------------------------++-------
   Fire: Shortbow          ||    91
    Use: Scroll            ||     4
 Armour: Leather armour    ||     1
         Scale mail        ||     8
  Dodge: Dodged            ||    20

Table legend:
 A = Non-vault XP
 B = Vault XP
 C = Vault XP percentage of total XP
 D = Non-vault monster count
 E = Vault monster count
 F = Vault count percentage of total count
                 A         B        C        D         E       F
            +---------+---------+-------+---------+---------+-------
      Total |      63 |       2 |   3.1 |      29 |       1 |   3.3
            +---------+---------+-------+---------+---------+-------
        D:1 |      18 |       2 |  10.0 |      12 |       1 |   7.7
        D:2 |      45 |       0 |   0.0 |      17 |       0 |   0.0
            +---------+---------+-------+---------+---------+-------
